Unix NetHack Version 5.0.0-0 post-release - last build May  4 2026 22:22:43 (774f63e81ad911689b3a0859ea89b322d5daca8d,branch:main).

Game began 2026-05-07 12:58:54, ended 2026-05-07 13:11:15.

31245981910, lawful male human Samurai

                       --
                       .|
                      ..--
                      ...
                      ..--
                      ...---
                     ......-
                     ......
                   --....
                  -.....-
      ----  ------|....-
   ----..|  |.<d.--.^.-
   |.....----.=@).)...|
   |......h[...--...--|
   ---.....(..----....--
     ---......-- --....|
       --......|  |...--
        --.....|  |...|
         ---.---  --.--
           ---     ---
31245981910 the Ronin  St:12 Dx:18 Co:18 In:12 Wi:9 Ch:6  Lawful
Dlvl:4  $:18 HP:0(35) Pw:13(13) AC:4  Xp:4 T:1405 

Latest messages:
 The werejackal hits!
 Hachi misses the jackal.
 The werejackal changes into a jackal.
 You hit the jackal.
 The jackal bites!
 The jackal bites!
 The jackal bites!
 The jackal bites!
 The jackal misses!
 The werejackal bites!
 Hachi bites the jackal.
 The jackal is killed!
 Hachi eats a jackal corpse.
 You swap places with Hachi.
 The jackal bites!
 The jackal bites!
 The jackal just misses!
 The gnome lord shoots an arrow!
 The arrow hits the jackal!
 The jackal is killed!
 The jackal bites!
 You kill the jackal!
 You see here a jade ring.
 The jackal bites!
 You hit the jackal.
 You kill the jackal!
 The werejackal bites!
 The kobold throws a dart!
 The dart hits the jackal.
 It bites the kobold.
 The kobold is killed!
 The jackal bites!
 The werejackal bites!
 The gnome lord shoots 2 arrows!
 The 1st arrow hits the jackal!
 The jackal is killed!
 You are almost hit by the 2nd arrow.
 You miss the werejackal.
 The werejackal bites!
 You hit the werejackal.
 You hit the werejackal.
 The werejackal bites!
 You miss the werejackal.
 The werejackal bites!
 You die...
 Do you want your possessions identified? [ynq] (y) y
 Do you want to see your attributes? [ynq] (y) y
 Do you want an account of creatures vanquished? [ynaq] (y) y
 Do you want to see your conduct and achievements? [ynq] (y) y
 Do you want to see the dungeon overview? [ynq] (y) y

Inventory:
 Coins    ('$')
  $ - 18 gold pieces
 Weapons  (')')
  p - 7 blessed +0 arrows
  m - 10 +0 crossbow bolts
  d - 28 +0 ya (in quiver)
  q - a blessed +2 bow
  n - a +2 crossbow
  c - a +0 yumi
  o - 8 blessed +1 darts
  a - a corroded +0 katana (weapon in right hand)
  b - a blessed +0 wakizashi (alternate weapon; not wielded)
 Armor    ('[')
  e - an uncursed rustproof +0 splint mail (being worn)
 Comestibles  ('%')
  j - an uncursed cram ration
 Potions  ('!')
  k - an uncursed potion of enlightenment
  g - an uncursed potion of object detection
  h - an uncursed potion of speed

31245981910 the Samurai's attributes:

Background:
 You were a Ronin, a level 4 male human Samurai.
 You were lawful, nominally on a mission for Amaterasu Omikami
 who was opposed by Raijin (neutral) and Susanowo (chaotic).
 You were right-handed.
 You were in the Gnomish Mines, on level 4.
 You entered the dungeon 1405 turns ago.
 You had 94 experience points, 66 more were needed to attain level 5.

Basics:
 You had 0 out of 35 hit points.
 You had all 13 energy points (spell power).
 Your armor class was 4.
 Your wallet contained 18 zorkmids.
 Autopickup was off.

Final Characteristics:
 Your strength was 12 (limit:18/100).
 Your dexterity was 18 (limit:18).
 Your constitution was 18 (limit:18).
 Your intelligence was 12 (limit:18).
 Your wisdom was 9 (limit:18).
 Your charisma was 6 (limit:18).

Final Status:
 You weren't hungry.
 You were unencumbered.
 You were wielding a long sword.
 You had basic skill with long sword.

Final Attributes:
 You were devoutly aligned.
 You were warded.
 You were fast.
 You are dead.

Miscellaneous:
 You didn't encounter any bones levels.
 Total elapsed playing time was 12 minutes and 20 seconds.

Major events:
 Turn
    1: 31245981910 the lawful male human Samurai entered the dungeon
 1113: attained the rank of Ronin (level 3)
 1265: entered the Gnomish Mines
 1405: killed by a werejackal

You didn't know any spells.

Skills:
 Fighting Skills
   martial arts      [Basic]
   two weapon combat [Unskilled]
   riding            [Unskilled]
 Weapon Skills
   dagger            [Unskilled]
   knife             [Unskilled]
   short sword       [Basic]
   broadsword        [Unskilled]
   long sword        [Basic]
   two-handed sword  [Unskilled]
   saber             [Unskilled]
   flail             [Unskilled]
   quarterstaff      [Unskilled]
   polearms          [Unskilled]
   spear             [Unskilled]
   lance             [Unskilled]
   bow               [Basic]
   shuriken          [Unskilled]
 Spellcasting Skills
   attack spells     [Unskilled]
   divination spells [Unskilled]
   clerical spells   [Unskilled]

Voluntary challenges:
 Character rerolling was not enabled.
 You were an atheist.
 You were illiterate.
 You never genocided any monsters.
 You never polymorphed an object.
 You never changed form.
 You used no wishes.
Achievements:
 You entered a shop.
 You attained the rank of Ronin.
 You entered the Gnomish Mines.

 The Dungeons of Doom: levels 1 to 3
    Level 1:
    Level 2:
       A tool shop, a fountain.
    Level 3:
       A general store, a fountain.
       Stairs down to The Gnomish Mines.
 The Gnomish Mines:
    Level 4: <- You were here.
       Final resting place for
          you, killed by a werejackal.


Vanquished creatures:
  a gnome leader
  a floating eye
  a dwarf
  a giant bat
 an iguana
 an acid blob
  a hobbit
  2 manes
  2 giant rats
  a yellow mold
  5 gnomes
  a gecko
 11 jackals
  a fox
  2 kobolds
  a grid bug
  2 lichens
  5 newts
40 creatures vanquished.

No species were genocided or became extinct.

Game over:
                       ----------
                      /          \
                     /    REST    \
                    /      IN      \
                   /     PEACE      \
                  /                  \
                  |   31245981910    |
                  |      18 Au       |
                  |   killed by a    |
                  |    werejackal    |
                  |                  |
                  |                  |
                  |       2026       |
                 *|     *  *  *      | *
        _________)/\\_//(\/(/\)/\//\/|_)_______

Sayonara 31245981910 the Samurai...

You died in The Gnomish Mines on dungeon level 4 with 543 points,
and 18 pieces of gold, after 1405 moves.
You were level 4 with a maximum of 35 hit points when you died.

